Map: Lost and Found LE

Players

ZeQuRo - Winner!

  • Race: Zerg Zerg
  • League: Platinum
  • Spawn Location: 7:00

SmashAndDash

  • Race: Protoss Protoss
  • League: Platinum
  • Spawn Location: 1:00

VOD

Have the link to the VOD?

Description

Time

  • Played on: July 20, 2018, 9:04 p.m.
  • Length: 19:00
Show
View Real Time Build Order
Export as new Build Order

ZeQuRo Zerg - Winner!

Build Orders: Hatch First 

Get SALT Encoding   

  12  0:01  Drone  
  13  0:12  Overlord  
  13  0:16  Drone  
  14  0:31  Drone x2  
  14  0:35  Drone  
  17  0:54  Hatchery  
  17  0:55  Drone  
  17  1:09  Drone  
  18  1:12  Spawning Pool  
  18  1:15  Drone  
  18  1:18  Drone  
  19  1:24  Extractor  
  18  1:28  Drone  
  19  1:38  Overlord  
  19  1:59  Queen  
  21  2:01  Zergling x4  
  21  2:06  Queen  
  21  2:07  Zergling x2  
  26  2:11  Drone  
  27  2:17  Drone  
  27  2:22  Drone  
  29  2:28  Drone  
  30  2:33  Drone  
  31  2:44  Drone x2  
  31  2:50  Metabolic Boost  
  33  2:57  Drone x2  
  35  3:00  Overlord  
  35  3:04  Overlord  
  35  3:15  Drone  
  35  3:17  Queen  
  35  3:18  Queen  
  40  3:25  Overlord  
  40  3:26  Spine Crawler  
  39  3:29  Drone  
  39  3:30  Drone  
  41  3:41  Drone x3  
  41  3:43  Overlord  
  41  3:45  Overlord  
  44  3:51  Drone  
  44  3:52  Drone x2  
  47  3:56  Roach Warren  
  46  4:09  Extractor  
  45  4:11  Drone x3  
  48  4:23  Zergling x4  
  50  4:40  Drone  
  51  4:47  Roach x5  
  51  4:48  Roach x3  
  67  4:56  Hatchery  
  65  5:24  Spore Crawler  
  65  5:26  Spore Crawler  
  60  5:47  Lair  
  60  5:51  Spore Crawler  
  59  6:00  Roach  
  59  6:01  Overlord x2  
  59  6:02  Overlord x2  
  61  6:10  Roach Warren  
  60  6:23  Spawning Pool  
  58  6:33  Hatchery  
  58  6:35  Drone x4  
  61  6:44  Overseer  
  61  6:51  Drone x2  
  61  6:52  Drone x3, Spore Crawler  
  62  7:07  Spore Crawler  
  61  7:09  Drone x2  
  61  7:11  Queen x2  
  67  7:33  Hydralisk Den  
  66  7:40  Zergling x12  
  72  7:46  Overseer  
  72  7:51  Drone  
  73  7:52  Spine Crawler  
  72  7:59  Drone  
  72  8:00  Drone x5  
  78  8:06  Muscular Augments  
  78  8:08  Zergling x6  
  81  8:20  Drone x2  
  81  8:23  Drone  
  84  8:35  Drone  
  84  8:36  Drone x6  
  84  8:37  Drone x2  
  84  8:38  Zergling x4  
  95  8:42  Overlord  
  95  8:48  Hydralisk  
  95  8:51  Overlord  
  81  9:13  Roach x4  
  81  9:14  Roach x5  
  81  9:30  Hydralisk  
  81  9:43  Zergling x20  
  89  9:55  Hatchery  
  88  10:05  Zergling x2  
  88  10:06  Zergling x14  
  96  10:09  Hatchery  
  95  10:30  Evolution Chamber  
  95  10:32  Evolution Chamber  
  93  10:39  Queen x2  
  97  10:48  Extractor  
  96  10:50  Extractor  
  96  10:54  Roach x3  
  96  10:55  Roach  
  96  10:56  Overlord x5  
  105  11:18  Roach x2  
  105  11:19  Roach x7  
  105  11:21  Zerg Missile Weapons Level 1  
  121  11:27  Drone x3  
  124  11:34  Zergling x2  
  124  11:35  Zergling x12  
  124  11:37  Hatchery  
  122  11:57  Hydralisk Den  
  122  11:58  Queen  
  122  11:59  Queen  
  121  12:04  Overlord x2  
  121  12:05  Overlord x2  
  121  12:06  Zergling x22  
  121  12:07  Zergling x2  
  132  12:09  Zerg Melee Weapons Level 1  
  132  12:47  Grooved Spines  
  119  13:11  Hydralisk x8  
  119  13:12  Hydralisk x3  
  139  13:22  Drone x4  
  139  13:23  Drone x2  
  145  13:29  Zerg Ground Armor Level 1  
  145  13:35  Extractor  
  145  13:36  Extractor  
  145  13:38  Drone x2  
  145  13:39  Drone x6  
  151  13:41  Spine Crawler  
  151  13:43  Spine Crawler  
  151  13:45  Spine Crawler  
  151  13:46  Spore Crawler  
  151  13:47  Spore Crawler  
  151  13:48  Drone x4  
  148  13:52  Overlord, Spine Crawler  
  148  13:53  Spine Crawler  
  148  13:56  Spine Crawler  
  147  14:04  Infestation Pit  
  146  14:16  Hydralisk x3  
  148  14:17  Hydralisk  
  148  14:18  Hydralisk x2  
  158  14:26  Spore Crawler  
  157  14:41  Overseer  
  154  15:00  Hydralisk x6  
  154  15:01  Zergling x2  
  154  15:02  Zergling x6, Roach x2  
  154  15:03  Roach x3  
  180  15:20  Drone  
  180  15:21  Drone x3  
  182  15:22  Drone  
  182  15:27  Zerg Missile Weapons Level 2  
  185  15:28  Zerg Melee Weapons Level 2  
  185  15:29  Zergling x2  
  185  15:30  Zergling x12  
  186  15:46  Roach  
  186  15:47  Roach x6  
  187  16:11  Hydralisk x3  
  184  16:13  Roach x3  
  196  16:23  Zergling x2  
  197  16:28  Hive  
  184  17:27  Pneumatized Carapace  
  184  17:30  Hydralisk x6  
  186  17:49  Overlord x3  
  186  17:50  Overlord  
  186  17:52  Hydralisk x2  
  186  17:53  Hydralisk x4  
  198  18:14  Hydralisk  
Show
View Real Time Build Order
Export as new Build Order

SmashAndDash Protoss 

Build Orders: Zealot Archon, Dark Templar Rush 

Get SALT Encoding   

  12  0:01  Probe  
  13  0:14  Pylon  
  13  0:18  Probe  
  14  0:30  Probe  
  14  0:35  Gateway  
  15  0:40  Probe  
  16  0:46  Assimilator  
  16  0:48  Probe  
  17  1:00  Probe  
  18  1:04  Assimilator  
  18  1:08  Probe  
  19  1:24  Cybernetics Core  
  19  1:25  Probe  
  20  1:34  Zealot  
  20  1:37  Probe, Pylon  
  23  1:49  Gateway  
  23  1:55  Probe  
  23  2:01  Twilight Council  
  24  2:05  Warp Gate  
  24  2:20  Robotics Facility  
  24  2:27  Stalker  
  26  2:50  Dark Shrine  
  26  2:51  Probe  
  27  3:03  Probe  
  28  3:08  Gateway  
  28  3:09  Warp Prism  
  30  3:18  Probe  
  31  3:44  Gateway  
  31  4:12  Pylon  
  31  4:15  Pylon  
  31  4:25  Shield Battery  
  31  4:30  Shield Battery  
  31  4:33  Dark Templar x3  
  37  4:53  Immortal  
  37  4:57  Dark Templar  
  39  5:38  Nexus  
  39  5:43  Immortal  
  39  5:46  Pylon  
  39  5:49  Assimilator  
  43  5:52  Assimilator  
  43  5:54  Pylon  
  43  6:00  Dark Templar x2  
  47  6:04  Dark Templar  
  43  7:08  Dark Templar x2  
  47  7:18  Probe x2  
  49  7:23  Stalker x2  
  49  7:27  Immortal  
  49  7:30  Probe x2  
  51  7:41  Stalker  
  51  7:42  Probe x2  
  51  7:43  Zealot  
  61  7:46  Zealot x2  
  61  7:50  Archon  
  65  7:54  Probe x2  
  65  7:57  Warp Prism  
  67  8:06  Probe x2  
  67  8:09  Pylon  
  71  8:17  Forge  
  71  8:23  Probe x2  
  71  8:27  Sentry  
  75  8:29  Sentry  
  77  8:35  Probe  
  77  8:36  Probe  
  79  8:47  Probe  
  79  8:48  Probe  
  81  8:59  Probe  
  81  9:00  Probe  
  71  9:11  Probe  
  71  9:12  Probe  
  67  9:23  Probe  
  68  9:24  Probe  
  67  9:42  Stalker x3  
  67  9:43  Stalker  
  67  9:44  Immortal  
  77  9:57  Gateway  
  77  9:59  Gateway x2  
  77  10:03  Pylon x2  
  77  10:06  Pylon  
  77  10:11  Zealot x2  
  81  10:15  Immortal  
  81  10:23  Gateway  
  81  10:24  Gateway  
  85  10:30  Pylon  
  85  10:54  Warp Prism  
  87  11:02  Probe x2  
  89  11:05  Nexus  
  89  11:14  Probe x2  
  91  11:20  Templar Archives  
  91  11:23  Stargate  
  91  11:26  Probe x2  
  93  11:38  Probe  
  93  11:39  Probe  
  85  11:50  Probe  
  85  11:51  Probe  
  71  12:13  Zealot  
  71  12:14  Zealot x3  
  77  12:34  Nexus  
  77  12:37  Nexus  
  77  12:38  High Templar x6  
  77  12:39  Pylon, High Templar  
  77  12:44  High Templar x5  
  79  12:45  High Templar x2  
  83  13:02  Archon x2  
  83  13:03  Archon  
  80  13:18  High Templar x3  
  80  13:19  High Templar x4  
  94  13:38  Fleet Beacon  
  94  13:43  Stargate  
  94  13:46  Nexus  
  94  13:49  Pylon  
  94  13:51  Assimilator  
  94  13:55  Assimilator  
  94  14:02  Dark Templar  
  96  14:03  Dark Templar  
  96  14:04  Zealot x3  
  96  14:05  Zealot x2  
  108  14:14  Immortal  
  112  14:20  Assimilator  
  112  14:21  Probe  
  113  14:24  Assimilator  
  112  14:31  Zealot  
  112  14:32  Zealot x2, Dark Templar  
  112  14:33  Probe  
  121  14:45  Probe  
  114  14:57  Probe  
  113  15:09  Probe  
  113  15:11  Sentry  
  113  15:12  Sentry  
  113  15:13  Sentry  
  120  15:18  Stalker x4  
  128  15:22  Probe  
  129  15:33  Warp Prism  
  129  15:35  Probe  
  132  15:47  Probe  
  133  15:51  Carrier  
  133  15:53  Carrier  
  131  15:57  Psionic Storm  
  131  15:59  Probe  
  131  16:02  Archon  
  131  16:03  Archon x2  
  116  16:11  Probe  
  90  17:08  Zealot x4  
  90  17:09  Zealot x2  
  90  18:08  Pylon  
  90  18:11  Pylon  
  90  18:32  Pylon  
  90  18:33  Pylon  
  98  18:35  Pylon  
  98  18:40  Dark Templar x2  
Tags
 
Add a new tag
Caveats
  • Supply blocks, unpowered buildings, or Contaminate may cause inaccurate times.
  • Supply counts are checked every 10 seconds.